 Dungeon Crawl Stone Soup version 0.31-a0-339-gda1cbd555d (webtiles) character file.

Game seed: 12162503188777929471

11690 Turgor the Grappler (level 11, -7/107 (109) HPs)
             Began as a Troll Shapeshifter on July 17, 2023.
             Was a Priest of Ru.
             Mangled by an orc warrior
             ... wielding a +0 hand axe
              (8 damage)
             ... on level 11 of the Dungeon on July 20, 2023.
             The game lasted 00:37:46 (9543 turns).

Turgor the Grappler (Troll Shapeshifter)            Turns: 9543, Time: 00:37:46

HP:   -7/107 (109)  AC:  8    Str: 29    XL:     11   Next: 52%
MP:   0/10          EV: 14    Int:  4    God:    Ru [***...]
Gold: 731           SH:  0    Dex: 10    Spells: 10/10 levels left

rFire   x .          .
                       - Unarmed
rCold   . . .        (no shield)
rNeg    + . .        O - +0 acid dragon scales
rPois   .            (helmet currently unavailable)
rElec   +            (cloak currently unavailable)
rCorr   +            (gloves unavailable)
SInv    .            (boots unavailable)
Will    .....        H - amulet of guardian spirit
Stlth   +            E - ring of Ynalisem {Fly rElec rC+ rN+ Int+2}
HPRegen 1.17/turn    m - +5 ring of evasion
MPRegen 0.12/turn

%: guardian spirit
@: exhausted, beast-form, flying, lightly drained
A: beast (slay +7), large, unfitting armour, claws 3, dopey 1, regeneration 1,
shaggy fur 1, tough skin 1, no fire magic, no hexes magic, no translocations
magic, temperature sensitive
a: Begin Untransformation, Renounce Religion, Draw Out Power


You were on level 11 of the Dungeon.
You worshipped Ru.
Ru was most pleased with you.
You were a hulking beast.
You visited 2 branches of the dungeon, and saw 12 of its levels.
You also visited: Bailey.

You collected 1293 gold pieces.
You spent 562 gold pieces at shops.

Inventory:

Hand Weapons
 d - the +6 arbalest "Damnation" {damnation}
   (You found it in a bailey)
 q - a +3 dagger of flaming
 r - a +0 trident of venom
 I - a +4 dagger of freezing
Missiles
 l - 34 poisoned darts
 p - 84 stones
 t - 4 boomerangs of dispersal
 v - 12 boomerangs
 y - 10 curare-tipped darts
 z - 4 datura-tipped darts (quivered)
 A - 4 atropa-tipped darts
Armour
 B - the +2 robe of the Evil One {rF++ Str-3}
   (You found it on level 6 of the Dungeon)

   Str:       It affects your strength (-3).
   rF:        It greatly protects you from fire.
 F - +0 steam dragon scales
 J - a +1 hat
 O - +0 acid dragon scales (worn)
Jewellery
 h - a +6 ring of strength
 m - a +5 ring of evasion (right claw)
 w - a +6 ring of dexterity
 C - the ring of the Imp {rN+ MP+9}
   (You found it in a bailey)

   [ring of magical power]

   rN:        It protects you from negative energy.
   MP:        It affects your magic capacity (+9).
 D - a ring of willpower
 E - the ring of Ynalisem (left claw) {Fly rElec rC+ rN+ Int+2}
   (You bought it in a shop on level 7 of the Dungeon)

   [ring of flight]

   Int:       It affects your intelligence (+2).
   rC:        It protects you from cold.
   rElec:     It insulates you from electricity.
   rN:        It protects you from negative energy.
   Fly:       It grants you flight.
 G - a ring of wizardry
 H - an amulet of guardian spirit (around neck)
Talismans
 c - a beast talisman
Wands
 s - a wand of charming (13)
 L - a wand of digging (6)
Scrolls
 i - 8 scrolls of teleportation
 x - 4 scrolls of fog
 K - 3 scrolls of enchant weapon
 N - 2 scrolls of vulnerability
Potions
 a - a potion of attraction {unknown}
 b - 3 potions of lignification
 e - a potion of berserk rage {unknown}
 f - a potion of ambrosia {unknown}
 g - 2 potions of magic
 j - 5 potions of brilliance
 k - 5 potions of curing
 n - 2 potions of might
 o - a potion of mutation {unknown}
 u - a potion of haste {unknown}
 M - 2 potions of cancellation {unknown}


   Skills:
 + Level 7.1 Fighting
 - Level 2.1 Dodging
 * Level 11.8 Unarmed Combat
 * Level 10.3 Shapeshifting


You had 10 spell levels left.
You didn't know any spells.
Your spell library contained the following spells:

 Spells                   Type           Power      Damage    Failure   Level
 Freeze                   Ice            0%         1d3       56%         1
 Poisonous Vapours        Pois/Air       0%         N/A       71%         2
 Frozen Ramparts          Ice            0%         1d1       90%         3
 Hailstorm                Conj/Ice       0%         3d3       90%         3
 Mephitic Cloud           Conj/Pois/Air  0%         N/A       90%         3
 Freezing Cloud           Conj/Ice/Air   0%         6-21      100%        5
 Portal Projectile        Hex/Tloc       Unusable   N/A       N/A         3
 Tukima's Dance           Hex            Unusable   N/A       N/A         3
 Volatile Blastmotes      Fire/Tloc      Unusable   2d10      N/A         3
 Fulminant Prism          Conj/Hex       Unusable   3d5       N/A         4
 Iskenderun's Mystic Bla  Conj/Tloc      Unusable   2d3       N/A         4

Dungeon Overview and Level Annotations

Branches:
Dungeon (11/15)            Temple (1/1) D:4            Lair (0/5) D:9
    Orc (0/2) D:11         Bailey (visited)

Altars:
Ashenzari
Cheibriados
Dithmenos
Elyvilon
Fedhas
Gozag
Hepliaklqana
Kikubaaqudgha
Makhleb
Nemelex Xobeh
Okawaru
Qazlal
Ru
Sif Muna
Trog
Uskayaw
Vehumet
Wu Jian
Xom
Yredelemnul
Zin
The Shining One

Shops:
D:4 (   D:7 =

Annotations:
D:5 2 transporters, Anon1729's ghost, novice MeMo


Innate Abilities, Weirdness & Mutations

You are a hulking beast.
Your limbs bulge with bestial killing power. (Slay +7)
You are too large for most types of armour.
You have claws for hands.
You are dopey. (Int -2)
Your natural rate of healing is unusually fast.
You are covered in fur. (AC +1)
You have tough skin. (AC +1)
You cannot study or cast Fire magic.
You cannot study or cast Hexes magic.
You cannot study or cast Translocations magic.
You are sensitive to extremes of temperature. (rF-, rC-)


Message History

The orc dies!
The orc warrior is no longer blind.
The orc warrior hits you from afar with a +0 halberd!
* * * LOW HITPOINT WARNING * * *
The troll is stunned by your conviction and fails to attack.
Unknown command.
You mangle the troll!!
The troll is almost dead.
The orc warrior barely misses you. The troll bites you!
* * * LOW HITPOINT WARNING * * *
The troll claws you!
* * * LOW HITPOINT WARNING * * *
The troll closely misses you.
Unknown command.
You scratch the troll.
You kill the troll!
The troll leather armour is intact enough to wear.
The orc warrior completely misses you.
Unknown command.
Unknown command.
You claw the orc warrior! You claw the orc warrior.
The orc warrior is heavily wounded.
Unknown command.
Unknown command.
You mangle the orc warrior!!
You kill the orc warrior!
The orc warrior barely misses you.
Unknown command.
Unknown command.
You mangle the kobold brigand!!
You kill the kobold brigand!
The orc warrior hits you from afar with a +0 halberd!
* * * LOW HITPOINT WARNING * * *
Unknown command.
Unknown command.
It was a potion of curing.
You feel better.
The orc warrior hits you from afar with a +0 halberd!
* * * LOW HITPOINT WARNING * * *
The orc warrior hits you with a +0 hand axe!
You die...

.........<..# #..................
............# #..........###.....
............# #..........# #.....
......... #..........# #.....
.......<. #..........# #.....
......... #..........# #.....
.........#### ##.#.......# #.....
.........#8..g #.#.......###.....
.........#.....#h#...............
##########.gggoo.##.#############
#...oK#)##.# #8...8#.##.# #####
#.#..# #...## ####


You could see 2 orc warriors, a kobold brigand, a gnoll sergeant, 2 gnolls and
an orc.

Vanquished Creatures
  A centaur warrior (D:9)
  3 two-headed ogres
  An ugly thing (D:11)
  A manticore (D:8)
  A rime drake (D:9)
  A komodo dragon (D:8)
  An unseen horror (D:11)
  A troll (D:11)
  A hornet (D:8)
  11 yaks
  A wraith (D:11)
  2 wyverns
  2 steam dragons
  An acid dragon (D:11)
  A water moccasin (D:8)
  7 orc warriors
  3 sky beasts
  5 ice beasts
  2 black bears
  3 centaurs
  4 wolves (D:9)
  5 ogres
  2 phantoms (D:4)
  9 kobold brigands
  3 bullfrogs
  3 wights (D:10)
  8 killer bees
  3 howler monkeys
  4 hounds
  2 gnoll boudas
  4 orc priests
  6 iguanas
  5 orc wizards
  6 gnolls
  5 adders
  A white imp (D:7)
  An ufetubus (D:6)
  2 worms (D:2)
  3 dart slugs
  21 orcs
  8 ball pythons
  7 bats
  3 endoplasms
  6 giant cockroaches
  8 goblins
  12 hobgoblins
  2 jackals (D:3)
  4 quokkas
  3 frilled lizards
  17 kobolds
  4 rats (D:1)
220 creatures vanquished.

Vanquished Creatures (collateral kills)
  A frilled lizard (D:3)
1 creature vanquished.

Vanquished Creatures (others)
  An ice beast (D:9)
  An orc (D:11)
2 creatures vanquished.

Grand Total: 223 creatures vanquished

Notes
Turn   | Place    | Note
-------+----------+-------------------------------------------
     0 | D:1      | Turgor the Troll Shapeshifter began the quest for the Orb.
     0 | D:1      | Reached XP level 1. HP: 19/19 MP: 0/0
   164 | D:1      | Reached XP level 2. HP: 28/28 MP: 1/1
   440 | D:1      | Reached XP level 3. HP: 35/35 MP: 2/2
  1655 | D:3      | Found a glowing silver altar of Zin.
  1742 | D:3      | Reached skill level 3 in Unarmed Combat
  1749 | D:3      | Reached XP level 4. HP: 42/42 MP: 3/3
  1798 | D:3      | Found a bloodstained altar of Trog.
  1878 | D:3      | Upgraded the game from 0.31-a0-319-g4fced400ed to
                  | 0.31-a0-339-gda1cbd555d
  2291 | D:4      | Noticed a phantom
  2304 | D:4      | Killed a phantom
  2305 | D:4      | Reached XP level 5. HP: 48/50 MP: 4/4
  2322 | D:4      | Noticed a phantom
  2346 | D:4      | Killed a phantom
  2347 | D:4      | Reached skill level 4 in Unarmed Combat
  2347 | D:4      | Reached XP level 6. HP: 51/59 MP: 5/5
  2459 | D:4      | Found Erakaf's Antique Weapon Emporium.
  2680 | D:4      | Found a staircase to the Ecumenical Temple.
  2692 | Temple   | Entered the Ecumenical Temple
  2697 | Temple   | Became a worshipper of Ru the Awakened
  2999 | D:5      | Entered Level 5 of the Dungeon
  3244 | D:5      | Found an ornate altar of the Wu Jian Council.
  3293 | D:5      | Reached skill level 5 in Unarmed Combat
  3293 | D:5      | Reached XP level 7. HP: 46/67 MP: 6/6
  3445 | D:5      | Reached skill level 5 in Shapeshifting
  3469 | D:5      | Found a transporter.
  3472 | D:5      | Noticed Anon1729's ghost (novice MeMo)
  3486 | D:5      | Found a transporter.
  4190 | D:6      | Identified the +2 robe of the Evil One {rF++ Str-3}
  4219 | D:6      | Noticed a two-headed ogre
  4229 | D:6      | Killed a two-headed ogre
  4230 | D:6      | Reached skill level 6 in Unarmed Combat
  4230 | D:6      | Reached XP level 8. HP: 39/78 MP: 7/7
  4466 | D:6      | Gained mutation: You are dopey. (Int -2) [Ru sacrifice]
  4497 | D:6      | Reached skill level 7 in Unarmed Combat
  4815 | D:7      | Found Lulabra's Jewellery Emporium.
  5104 | D:7      | Reached XP level 9. HP: 64/85 MP: 8/8
  5201 | D:7      | Found a flagged portal.
  5222 | Bailey   | Entered a bailey
  5287 | Bailey   | Reached skill level 8 in Unarmed Combat
  5369 | Bailey   | Reached skill level 5 in Fighting
  5372 | Bailey   | Found the +6 arbalest "Damnation" {damnation}
  5381 | Bailey   | Found a bloodstained altar of Trog.
  5387 | Bailey   | Identified the ring of the Imp {rN+ MP+9}
  5465 | D:7      | Bought the ring of Ynalisem {Fly rElec rC+ rN+ Int+2} for
                  | 562 gold pieces
  6162 | D:8      | Reached skill level 9 in Unarmed Combat
  6172 | D:8      | Reached XP level 10. HP: 85/96 MP: 9/9
  6533 | D:8      | Noticed a manticore
  6537 | D:8      | Killed a manticore
  6603 | D:8      | Gained mutation: You are sensitive to extremes of
                  | temperature. (rF-, rC-) [Ru sacrifice]
  6603 | D:8      | Reached * piety under Ru
  6603 | D:8      | Reached ** piety under Ru
  7034 | D:8      | Reached skill level 10 in Unarmed Combat
  7132 | D:9      | Noticed a centaur warrior
  7316 | D:9      | Killed a centaur warrior
  7339 | D:9      | Found a staircase to the Lair.
  7970 | D:10     | Entered Level 10 of the Dungeon
  8046 | D:10     | Noticed a two-headed ogre
  8050 | D:10     | Killed a two-headed ogre
  8051 | D:10     | Reached skill level 11 in Unarmed Combat
  8051 | D:10     | Reached XP level 11. HP: 107/107 MP: 10/10
  8348 | D:10     | Noticed a two-headed ogre
  8354 | D:10     | Killed a two-headed ogre
  8719 | D:9      | Reached skill level 10 in Shapeshifting
  9204 | D:11     | Gained mutation: You cannot study or cast Fire magic. [Ru
                  | sacrifice]
  9204 | D:11     | Gained mutation: You cannot study or cast Hexes magic. [Ru
                  | sacrifice]
  9204 | D:11     | Gained mutation: You cannot study or cast Translocations
                  | magic. [Ru sacrifice]
  9204 | D:11     | Reached *** piety under Ru
  9409 | D:11     | Noticed a brown ugly thing
  9417 | D:11     | Killed a brown ugly thing
  9512 | D:11     | Found a staircase to the Orcish Mines.
  9542 | D:11     | HP: 1/106 [orc warrior/+0 halberd (14)]
  9543 | D:11     | Mangled by an orc warrior

Illustrated notes

Levels and vault maps discovered:
D:1:      dpeg_cavernosity, layout_basic, st_stairs_3, minmay_misc_feat_square,
          minmay_misc_feat_alley, minmay_liquid_box,
          chequers_serial_rivers_small_a
D:2:      layout_rooms, st_stairs_8, minivault_14, minmay_tetromino_o4
D:3:      layout_loops_ring, zin_scriptorium, lemuel_tele_altar,
          reono_crystal_passage
D:4:      layout_loops_cross, minmay_temple_entry_water_ring, serial_shops,
          nicolae_shop_tiny_statue_garden
D:5:      layout_layer_cave, mainiacjoe_overflow_boulevard,
          gammafunk_ghost_stat_death, serial_bayou_ford_a, grunt_decor_arrowhead
D:6:      layout_rooms
D:7:      layout_basic, enter_bailey_2, serial_curves, eino_curves_04,
          eino_curves_03, eino_curves_03, serial_shops, nicolae_square_shop
D:8:      layout_basic, minmay_misc_feat_ornament, minmay_statues_item,
          minmay_lizard_king
D:9:      layout_loops_corners, hellmonk_lair_entry_icy
D:10:     layout_irregular_city
D:11:     minmay_blocky_corners, layout_long_grid,
          kennysheep_orc_monster_closet_entryway, minivault_4
Temple:   compressed_dpeg_triangle_lava_temple

Skill      XL: |  1  2  3  4  5  6  7  8  9 10 11 |
---------------+----------------------------------+-----
Fighting       | 2 3 4 5 6 7 |  7.1
Dodging        | 2 |  2.1
Unarmed Combat | 3 4 5 6 7 9 11 | 11.8
Shapeshifting  | 4 6 8 9 10 | 10.3

Action                     |  1- 3 |  4- 6 |  7- 9 | 10-12 || total
---------------------------+-------+-------+-------+-------++-------
  Melee: Unarmed           |    97 |   111 |   152 |   138 ||   498
         Punch             |     1 |     3 |     2 |     5 ||    11
   Fire: Arbalest          |       |       |     6 |    41 ||    47
  Throw: Dart              |       |       |     2 |       ||     2
 Invoke: Sacrifice Purity  |       |       |     1 |       ||     1
         Sacrifice Resista |       |       |       |     1 ||     1
         Draw Out Power    |       |       |       |     1 ||     1
         Sacrifice Arcana  |       |       |       |     1 ||     1
  Evoke: Wand              |       |       |       |     1 ||     1
    Use: Scroll            |     3 |       |     7 |     4 ||    14
         Potion            |       |       |     4 |     1 ||     5
   Stab: Sleeping          |       |       |     1 |       ||     1
         Distracted        |       |       |       |     1 ||     1
 Armour: Animal skin       |    32 |    21 |    12 |       ||    65
         Skin              |       |       |     4 |       ||     4
         Steam dragon scal |       |       |     6 |    21 ||    27
         Acid dragon scale |       |       |       |     7 ||     7
  Dodge: Dodged            |    40 |    65 |    87 |    95 ||   287

Table legend: (Time is in decaauts)
 A = Elapsed time spent in this place.
 B = Non-inter-level travel time spent in this place.
 C = Inter-level travel time spent in this place.
 D = Time resting spent in this place.
 E = Time spent auto-exploring this place.
 F = Levels seen in this place.
 G = Mean time per level.
                   A        B        C        D        E       F      G
               +--------+--------+--------+--------+--------+-----+--------+
         Total |   9516 |   8692 |    824 |    118 |   6737 |  13 |  732.0 |
       Dungeon |   9305 |   8481 |    824 |    110 |   6726 |  11 |  845.9 |
        Temple |     12 |     12 |      0 |      0 |      0 |   1 |   12.0 |
        Bailey |    198 |    198 |      0 |      8 |     11 |   1 |  198.0 |
               +--------+--------+--------+--------+--------+-----+--------+

Top non-repeatable levels by time:
     D:8: 1294 daAuts
     D:5: 1232 daAuts
     D:7: 1074 daAuts
     D:1: 956 daAuts
     D:9: 831 daAuts
     D:3: 824 daAuts
    D:10: 784 daAuts
     D:4: 732 daAuts
     D:2: 597 daAuts
     D:6: 549 daAuts
    D:11: 430 daAuts
  Bailey: 198 daAuts
  Temple: 12 daAuts
